 Dungeon Crawl Stone Soup version 0.21.1-1-g345015fe64 (webtiles) character file.

1904 Kaglan the Cudgeler (level 9, -1/54 HPs)
             Began as a Gargoyle Earth Elementalist on June 4, 2018.
             Slain by a killer bee (3 damage)
             ... on level 7 of the Dungeon on June 9, 2018.
             The game lasted 00:37:39 (8841 turns).

Kaglan the Cudgeler (Gargoyle Earth Elementalist)   Turns: 8841, Time: 00:37:40

Health: -1/54      AC: 21    Str: 15    XL:     9   Next: 15%
Magic:  12/12      EV:  5    Int: 16    God:
Gold:   326        SH:  0    Dex: 10    Spells: 11/12 levels left

rFire    . . .     SeeInvis .   J - +0 flail (protect)
rCold    . . .     Gourm    +   (no shield)
rNeg     + . .     Faith    .   I - +0 plate armour
rPois    ∞         Spirit   .   j - +0 helmet
rElec    +         Reflect  .   u - +0 cloak
rCorr    +         Harm     .   (no gloves)
MR       .....                  (no boots)
Stlth    ..........             l - amulet of the gourmand
HPRegen  0.18/turn              v - ring of resist corrosion
MPRegen  0.13/turn              (no ring)

@: no status effects
A: negative energy resistance 1, electricity resistance, unbreathing,
petrification resistance, rot immunity, AC +6
a: no special abilities


You were on level 7 of the Dungeon.
You were completely stuffed.

You visited 1 branch of the dungeon, and saw 7 of its levels.

You collected 326 gold pieces.

Inventory:

Hand Weapons
 a - a +2 whip of draining
 i - a +0 hunting sling
 k - a +2 hand axe of chopping
 z - a +0 whip of freezing
 F - a +0 shortbow
 H - a +4 dagger
 J - a +0 flail of protection (weapon)
Missiles
 b - 181 stones (quivered)
 y - 17 poisoned needles
 B - 102 arrows
 D - 8 tomahawks of returning
 G - 42 bolts
Armour
 j - a +0 helmet (worn)
 u - a +0 cloak (worn)
 w - a +0 chain mail
 I - a +0 plate armour (worn)
Jewellery
 l - an amulet of the gourmand (around neck)
 v - a ring of resist corrosion (left hand)
 N - an uncursed ring of wizardry {unknown}
Wands
 m - a wand of iceblast (10)
 t - a wand of random effects (36)
 x - a wand of clouds (4)
 L - a wand of paralysis (5)
Scrolls
 c - 4 scrolls of teleportation {unknown}
 h - 3 scrolls of identify
 r - 2 scrolls of random uselessness {unknown}
 A - a scroll of torment {unknown}
 C - 4 scrolls of enchant armour {unknown}
 K - 2 scrolls of remove curse
Potions
 f - a potion of degeneration {unknown}
 g - 2 potions of heal wounds {unknown}
 n - 3 potions of brilliance {unknown}
 o - 2 potions of lignification {unknown}
 p - 6 potions of curing {unknown}
 q - a potion of agility {unknown}
 s - a potion of might
 E - a potion of flight {unknown}
Books
 e - a book of Geomancy

   Spells                             Type                      Level
   a - Sandblast                      Earth                        1
   b - Passwall                       Transmutation/Earth          2
   c - Stone Arrow                    Conjuration/Earth            3
   d - Petrify                        Transmutation/Earth          4
   e - Lee's Rapid Deconstruction     Earth                        5
Comestibles
 d - 13 rations


   Skills:
 + Level 5.0 Fighting
 + Level 7.2 Maces & Flails
 + Level 6.4 Armour
 - Level 2.0 Dodging
 + Level 4.0 Stealth
 - Level 2.2 Spellcasting
   Level 0.7 Transmutations
 - Level 5.1 Earth Magic


You had 11 spell levels left.
You knew the following spells:

 Your Spells              Type           Power        Failure   Level  Hunger
a - Sandblast             Erth           ###...       80%         1    #......


Dungeon Overview and Level Annotations

Branches:
Dungeon (7/15)             Temple (0/1) D:6

Altars:
Gozag
Hepliaklqana
Kikubaaqudgha
Nemelex Xobeh
Qazlal
Uskayaw
Wu Jian
The Shining One


Innate Abilities, Weirdness & Mutations

You are resistant to torment.
Your stone body is resilient. (AC +6)
You are immune to poison.
You resist negative energy. (rN+)
You are resistant to electric shocks. (rElec)
You can survive without breathing.
You are immune to petrification.
You are immune to rotting.


Message History

* * * LOW HITPOINT WARNING * * *
You closely miss the killer bee. The killer bee stings you.
* * * LOW HITPOINT WARNING * * *
The killer bee barely misses you. The killer bee stings you.
* * * LOW HITPOINT WARNING * * *
The killer bee barely misses you.
The killer bee stings you but does no damage.
Your plate armour prevents you from hitting the killer bee.
The killer bee stings you but does no damage.
The killer bee barely misses you. The killer bee closely misses you.
The killer bee stings you.
* * * LOW HITPOINT WARNING * * *
You miss the killer bee.
The killer bee stings you but does no damage. x3
The killer bee barely misses you.
Your plate armour prevents you from hitting the killer bee.
The killer bee stings you.
* * * LOW HITPOINT WARNING * * *
The killer bee stings you.
You die...

#.# #.#.# ....
#.# ##.#.#
#### #.#
##....#
#.###.....##
#..........###
#.###.........
#.# ##....###
#.# ##...####
#.. ##...y@#
#.# #.###y#
#.# #.# #y# #.
#.# #.# # #.#
#†# .#
#.###.###.#
#.........#
#####.5.###
........#


You could see 3 killer bees and a crimson imp.

Vanquished Creatures
  Pikel (D:5)
  2 phantoms
  4 centaurs
  Blork the orc (D:6)
  3 scorpions
  A killer bee (D:7)
  A crimson imp (D:6)
  A quasit (D:7)
  4 orc wizards
  2 orc priests (D:6)
  2 bullfrog skeletons
  2 hounds
  An iguana (D:5)
  A worker ant (D:7)
  The ghost of Soborki the Sneak, a weakling TrAs (D:3)
  A hound skeleton (D:6)
  8 adders
  9 river rats (D:5)
  2 shadow imps (D:5)
  3 oozes (D:2)
  An adder zombie (D:5)
  2 dart slugs (D:1)
  2 leopard geckos (D:7)
  11 orcs
  3 giant cockroaches (D:1)
  4 goblins
  5 hobgoblins
  6 jackals
  7 kobolds
  2 quokkas
  4 ball pythons
  6 bats
  A frilled lizard (D:3)
  A jackal skeleton (D:4)
  A jackal zombie (D:5)
  A quokka skeleton (D:5)
  19 rats
126 creatures vanquished.

Notes
Turn   | Place    | Note
-------+----------+-------------------------------------------
     0 | D:1      | Kaglan the Gargoyle Earth Elementalist began the quest for the Orb.
     0 | D:1      | Reached XP level 1. HP: 10/10 MP: 3/3
    88 | D:1      | Reached XP level 2. HP: 5/15 MP: 5/5
  1231 | D:2      | Reached XP level 3. HP: 20/20 MP: 6/6
  1363 | D:2      | Found a hazy altar of Hepliaklqana.
  1363 | D:2      | Found a hide-covered altar of Uskayaw.
  1363 | D:2      | Found an ornate altar of the Wu Jian Council.
  1363 | D:2      | Found a sparkling altar of Nemelex Xobeh.
  1387 | D:2      | Found an opulent altar of Gozag.
  1391 | D:2      | Found a stormy altar of Qazlal.
  1608 | D:2      | Reached skill level 1 in Maces & Flails
  1891 | D:2      | Reached XP level 4. HP: 24/24 MP: 7/7
  2066 | D:3      | Reached skill level 1 in Fighting
  2220 | D:3      | Found an ancient bone altar of Kikubaaqudgha.
  2254 | D:3      | Noticed Soborki's ghost (weakling TrAs)
  3373 | D:3      | Killed Soborki's ghost
  3480 | D:3      | Found a glowing golden altar of the Shining One.
  3638 | D:4      | Reached skill level 5 in Earth Magic
  3638 | D:4      | Reached XP level 5. HP: 20/29 MP: 8/8
  3640 | D:4      | Reached skill level 2 in Maces & Flails
  3648 | D:4      | Noticed a phantom
  3987 | D:4      | Reached skill level 1 in Armour
  4062 | D:4      | Killed a phantom
  4062 | D:4      | Reached skill level 3 in Maces & Flails
  4062 | D:4      | Reached XP level 6. HP: 2/34 MP: 9/9
  5014 | D:5      | Entered Level 5 of the Dungeon
  5406 | D:5      | Noticed a slave
  5407 | D:5      | Noticed a slave
  5407 | D:5      | Noticed a slave
  5409 | D:5      | Noticed Pikel
  5409 | D:5      | Noticed a slave
  5416 | D:5      | Reached skill level 4 in Maces & Flails
  5416 | D:5      | Reached XP level 7. HP: 23/40 MP: 10/10
  5444 | D:5      | Killed Pikel
  5444 | D:5      | Reached skill level 5 in Maces & Flails
  5444 | D:5      | Reached XP level 8. HP: 30/46 MP: 11/11
  6076 | D:5      | Reached skill level 5 in Armour
  6381 | D:6      | Reached skill level 6 in Maces & Flails
  6514 | D:6      | Found a staircase to the Ecumenical Temple.
  6520 | D:6      | Noticed Blork the orc
  6558 | D:6      | Killed Blork the orc
  7659 | D:6      | Reached skill level 7 in Maces & Flails
  7659 | D:6      | Reached XP level 9. HP: 41/52 MP: 12/12
  8829 | D:7      | Reached skill level 5 in Fighting
  8841 | D:7      | HP: 2/54 [killer bee (1)]
  8841 | D:7      | Slain by a killer bee

Skill      XL: |  1  2  3  4  5  6  7  8  9 |
---------------+----------------------------+-----
Earth Magic    | 4 5 |  5.1
Maces & Flails | 1 3 4 5 7 |  7.2
Dodging        | 2 |  2.0
Fighting       | 1 2 3 4 5 |  5.0
Armour         | 2 3 4 6 |  6.4
Stealth        | 3 4 |  4.0
Spellcasting   | |  2.2
Transmutations | |  0.7

Action                   |  1- 3 |  4- 6 |  7- 9 || total
-------------------------+-------+-------+-------++-------
Melee: Whip              |    98 |   307 |   422 ||   827
       Unarmed           |     1 |       |       ||     1
       Flail             |       |       |    89 ||    89
  Use: Scroll            |       |     7 |       ||     7
  Eat: Chunk             |     3 |    11 |    17 ||    31
       Ration            |       |     1 |       ||     1
Armor: Robe              |    17 |       |       ||    17
       Ring mail         |    41 |       |       ||    41
       Chain mail        |       |   225 |   159 ||   384
       Plate armour      |       |       |   264 ||   264
Dodge: Dodged            |    60 |    93 |   148 ||   301
